 Dungeon Crawl Stone Soup version 0.29-a0-845-g6161e89988 (webtiles) character file.

Game seed: 17191596144251037183

2 jlumianski the Chiller (level 1, -1/13 HPs)
             Began as a Demonspawn Ice Elementalist on July 15, 2022.
             Slain by a jackal (2 damage)
             ... on level 1 of the Dungeon.
             The game lasted 00:01:03 (55 turns).

jlumianski the Chiller (Demonspawn Ice Elementalist)  Turns: 55, Time: 00:01:03

Health: -1/13      AC:  2    Str:  8    XL:     1   Next: 33%
Magic:  0/3        EV: 12    Int: 16    God:
Gold:   8          SH:  0    Dex: 13    Spells: 3/4 levels left

rFire   . . .      SeeInvis .   (no weapon)
rCold   . . .      Faith    .   (no shield)
rNeg    . . .      Spirit   .   a - +0 robe
rPois   .          Reflect  .   (no helmet)
rElec   .          Harm     .   (no cloak)
rCorr   .          Rampage  .   (no gloves)
Will    .....                   (no boots)
Stlth   ++........              (no amulet)
HPRegen 0.04/turn               (no ring)
MPRegen 0.08/turn               (no ring)

@: no status effects
A: no striking features
a: no special abilities


You were on level 1 of the Dungeon.
You visited 1 branch of the dungeon, and saw 1 of its levels.

You collected 8 gold pieces.

Inventory:

Armour
 a - a +0 robe (worn)
Scrolls
 c - a scroll of identify {unknown}
Potions
 b - a potion of magic


   Skills:
 + Level 1.8 Dodging
 + Level 1.7 Stealth
 + Level 2.0 Spellcasting
 + Level 3.7 Ice Magic


You had 3 spell levels left.
You knew the following spells:

 Your Spells              Type           Power      Damage    Failure   Level
a - Freeze                Ice            52%        1d7       4%          1

Your spell library contained the following spells:

 Spells                   Type           Power      Damage    Failure   Level
 Frozen Ramparts          Ice            26%        1d4       14%         3
 Ozocubu's Armour         Ice            13%        N/A       14%         3
 Hailstorm                Conj/Ice       7%         3d4       67%         4


Dungeon Overview and Level Annotations

Branches:
Dungeon (1/15)

Altars:


Message History

The goblin hits the plant with a +0 club.
The hobgoblin hits the plant.
The plant begins to die.
The kobold hits the plant with a +0 dagger.
You miss the jackal.
The jackal is moderately wounded.
The jackal bites you.
* * * LOW HITPOINT WARNING * * *
The goblin hits the plant with a +0 club.
The hobgoblin hits the plant.
The kobold hits the plant with a +0 dagger.
Sorry, you're not good enough to have a special ability.
Aiming: Freeze (safe; 4% risk of failure)
Press: ? - help, Q - select action Shift-Dir - straight line, f - jackal
Aim: a jackal (moderately wounded)
You freeze the jackal.
The jackal is severely wounded.
A nearby plant withers and dies. x2; The jackal barely misses you.
The jackal bites you.
* * * LOW HITPOINT WARNING * * *
Attack: -) Nothing wielded
Press: ? - help, Dir - move target, p - jackal
Okay, then.
A nearby plant withers and dies. x2
The kobold hits the plant with a +0 dagger.
The plant begins to die.
The jackal attacks as you move away!
The jackal bites you but does no damage.
A nearby plant withers and dies.
The kobold hits the plant with a +0 dagger.
The jackal bites you but does no damage.
A nearby plant withers and dies.
The jackal bites you.
* * * LOW HITPOINT WARNING * * *
The kobold hits the plant with a +0 dagger.
The plant begins to die.
The hobgoblin hits the plant.
The plant begins to die.
A goblin comes into view. It is wielding a +0 club.
The jackal bites you but does no damage.
The goblin shouts!
The jackal bites you.
You die... ##. ... #.# ... ###.# #...# #@# ################h# ..PP..PPPPPPPPPg.#

.†.....<...Kg....#
..PP....PPPPPPP..#
################.....
# #g..... # #.#...# #
#.#.#.#


You could see a jackal and 2 goblins.

Vanquished Creatures
  A bat (D:1)
  A jackal (D:1)
2 creatures vanquished.

Vanquished Creatures (others)
  12 plants (D:1)
12 creatures vanquished.

Grand Total: 14 creatures vanquished

Notes
Turn   | Place    | Note
-------+----------+-------------------------------------------
     0 | D:1      | jlumianski the Demonspawn Ice Elementalist began the quest
                  | for the Orb.
     0 | D:1      | Reached XP level 1. HP: 13/13 MP: 3/3
    55 | D:1      | Slain by a jackal

Illustrated notes

Levels and vault maps discovered:
D:1:      eino_arrival_tree_alley, layout_basic, serial_curves, eino_curves_02,
          eino_curves_02, eino_curves_01, eino_curves_02,
          dreamdust_ecumenical_altar_grove, minmay_ruptured

Action                   || total
-------------------------++-------
Melee: Unarmed           ||     5
 Cast: Freeze            ||     4
Armor: Robe              ||     6
Dodge: Dodged            ||    20

Table legend: (Time is in decaauts)
 A = Elapsed time spent in this place.
 B = Non-inter-level travel time spent in this place.
 C = Inter-level travel time spent in this place.
 D = Time resting spent in this place.
 E = Time spent auto-exploring this place.
 F = Levels seen in this place.
 G = Mean time per level.
                   A        B        C        D        E       F      G
               +--------+--------+--------+--------+--------+-----+--------+
         Total |     55 |     55 |      0 |      0 |      0 |   1 |   55.0 |
       Dungeon |     55 |     55 |      0 |      0 |      0 |   1 |   55.0 |
               +--------+--------+--------+--------+--------+-----+--------+

Top non-repeatable levels by time:
     D:1: 55 daAuts
